 Dungeon Crawl Stone Soup version bcrawl-1.21.2-20-g6d45ba5942 (webtiles) character file.

Game seed: 7096396410701819639

4587 Revguard the Fighter (level 10, -1/124 HPs)
             Began as a Demonspawn Archaeologist on Feb 25, 2020.
             Was an Elder of Trog.
             Shot with an arrow by a centaur (11 damage)
             ... on level 8 of the Dungeon.
             The game lasted 00:24:10 (6208 turns).

Revguard the Fighter (Demonspawn Archaeologist)     Turns: 6208, Time: 00:24:11

Health: -1/124     AC:  8    Str: 19    XL:     10   Next: 18%
Magic:  0/10       EV: 17    Int: 16    God:    Trog [****..]
Gold:   631        SH:  0    Dex: 14    Spells: 9/9 levels left

rFire    x . .     SeeInvis .   b - +0 great mace
rCold    + . .     Gourm    .   (shield currently unavailable)
rNeg     . . .     Faith    +   g - +1 troll leather armour {Purgy}
rPois    .         Spirit   +   c - +1 hat
rElec    +         Reflect  .   A - scarf {Spirit}
rCorr    +         Harm     .   (no gloves)
MR       ++...                  d - +1 pair of boots
Stlth    ..........             w - amulet of faith
HPRegen  1.70/turn              p - ring of resist corrosion
MPRegen  0.12/turn              u - ring of ice

@: berserking, very slightly contaminated, regenerating, studying Fighting, very
quick
A: talons 2, repulsion field 1, demonic guardian 1, nightstalker 1, electricity
resistance, strong 1
a: Berserk, Trog's Hand, Brothers in Arms, Renounce Religion


You were on level 8 of the Dungeon.
You worshipped Trog.
Trog was greatly pleased with you.
You were very hungry.

You visited 1 branch of the dungeon, and saw 8 of its levels.
You also visited: Sewer and Ossuary.

You collected 778 gold pieces.
You spent 147 gold pieces at shops.

Inventory:

Hand Weapons
 b - a +0 great mace (weapon)
 E - a +0 morningstar
Armour
 c - a +1 hat (worn)
 d - a +1 pair of boots (worn)
 g - a +1 troll leather armour (worn) {Purgy}
 A - a scarf of spirit shield (worn)
Jewellery
 n - an uncursed ring of fire
 p - a ring of resist corrosion (left hand)
 u - a ring of ice (right hand)
 w - an amulet of faith (around neck)
 B - an uncursed ring of fire
Wands
 k - a wand of polymorph (12)
Scrolls
 a - 2 scrolls of identify
 h - 6 scrolls of teleportation
 o - a scroll of immolation
 q - a scroll of fear
 r - 3 scrolls of remove curse
 t - a scroll of enchant weapon
 C - a scroll of fog
Potions
 j - 3 potions of haste
 s - 3 potions of flight
 v - a potion of ambrosia
 x - a potion of mutation
 z - a potion of brilliance
 F - a potion of heal wounds
 G - a potion of lignification
 H - a potion of cancellation
Books
 f - a manual of Fighting
Comestibles
 e - 13 rations {!d}
 i - a chunk of flesh


   Skills:
 + Level 9.1 Fighting
   Level 7.7(8.6) Axes
 + Level 5.9(7.7) Maces & Flails
 + Level 4.1 Armour
 + Level 6.6 Dodging
 + Level 3.0 Stealth


You had 9 spell levels left.
You didn't know any spells.
Your spell library was empty.

Dungeon Overview and Level Annotations

Branches:
Dungeon (8/12)             Temple (0/1) D:7            Lair (0/6) D:7
    Orc: D:8-11

Altars:
Cheibriados
Elyvilon
Fedhas
Nemelex Xobeh
Okawaru
Sif Muna
Trog
Uskayaw
Vehumet
Xom

Shops:
D:6 *   D:8 (


Innate Abilities, Weirdness & Mutations

You have razor-sharp toenails.
You are surrounded by a mild repulsion field. (EV +2)
A weak demonic guardian rushes to your aid.
You are slightly more attuned to the shadows.
You are resistant to electric shocks. (rElec)
Your muscles are strong. (Str +2)


Message History

You rip and tear the barbed spikes from your body.
The centaur shoots an arrow.
The arrow barely misses you. The cyan ugly thing barely misses you.
You bludgeon the cyan ugly thing!!
The cyan ugly thing is moderately wounded.
The centaur shoots an arrow.
The arrow hits your iron imp!
The white ugly thing tentacle-slaps you but does no damage.
The cyan ugly thing basks in your mutagenic energy and changes!
The centaur shoots an arrow.
The arrow hits your iron imp!
Your iron imp dies!
You closely miss the brown ugly thing.
The brown ugly thing is moderately wounded.
The adder barely misses you.
The white ugly thing basks in your mutagenic energy and changes!
The centaur shoots an arrow.
The arrow misses you. The adder closely misses you.
You sock the brown ugly thing!
The brown ugly thing is severely wounded.
The centaur shoots an arrow.
The arrow hits you!
You die...

###..... ..... ...
.... ..# ####
....####.## #...
#...##.##
#..#######..#..#.#
####..#.#รท.#####)#.
#..u##...##...##.##
#.#@.c##.## ..#.##.#
#.S#u#Z### .#.. .#
#...###...# #...# .#
#.#.# H#..# # #.##.
#.## .u #.# .##. #
#u# . #. #? #. #Z .
.


You could see 2 ugly things, a centaur, an adder and an adder skeleton.

Vanquished Creatures
  Pikel (D:5)
  A manticore (D:8)
  The ghost of Mrkan the Cudgeler, a novice MiFi of Dithmenos (D:5)
  A troll (D:6)
  A yak (D:7)
  3 wargs (D:7)
  Purgy (Sewer)
  An ice beast (D:5)
  2 sky beasts
  An orc warrior (D:6)
  2 phantoms
  2 slaves (D:5)
  An ogre (D:8)
  A necrophage (D:8)
  A centaur (D:8)
  Blork the orc (D:6)
  A bullfrog (D:4)
  A big kobold (D:7)
  An elf zombie (D:6)
  2 scorpions (D:4)
  2 howler monkeys
  3 crimson imps
  A bullfrog zombie (D:5)
  A jelly (D:7)
  A hound (D:6)
  3 human zombies
  An orc priest (D:7)
  A bullfrog skeleton (D:6)
  2 centaur skeletons (D:4)
  3 orc wizards
  Terence (D:3)
  10 worker ants
  5 big kobold zombies (Ossuary)
  A hound skeleton (D:4)
  2 hound zombies
  2 mummies (Ossuary)
  2 howler monkey zombies
  A worker ant zombie (D:5)
  3 gnolls (D:7)
  A howler monkey skeleton (D:3)
  8 adders
  A hound simulacrum (D:5)
  A white imp (D:5)
  A worker ant simulacrum (D:5)
  4 oozes
  2 adder zombies
  2 dart slugs (D:3)
  2 leopard geckos
  8 orcs
  A gnoll zombie (Ossuary)
  3 goblins
  7 hobgoblins
  4 jackals (D:4)
  A quokka (D:5)
  3 ball pythons
  6 bats
  7 frilled lizards
  2 goblin zombies (Ossuary)
  3 hobgoblin zombies (Ossuary)
  12 kobolds
  3 orc skeletons (D:6)
  2 orc zombies
  A quokka skeleton (D:5)
  4 rats
160 creatures vanquished.

Vanquished Creatures (collateral kills)
  A hungry ghost (D:7)
  An ogre (D:6)
  2 howler monkeys (D:7)
  A crimson imp (D:7)
  A hound (D:7)
  2 orc wizards (D:6)
  A gnoll shaman (D:7)
  A gnoll (D:7)
  4 orcs
  2 kobolds (D:7)
16 creatures vanquished.

Vanquished Creatures (others)
  A jelly (D:5)
  A centaur simulacrum (D:5)
  A quokka simulacrum (D:5)
3 creatures vanquished.

Grand Total: 179 creatures vanquished

Notes
Turn   | Place    | Note
-------+----------+-------------------------------------------
     0 | D:1      | Revguard the Demonspawn Archaeologist began the quest for
                  | the Orb.
     0 | D:1      | Reached XP level 1. HP: 15/15 MP: 1/1
   146 | D:1      | Reached skill level 1 in Maces & Flails
   146 | D:1      | Gained mutation: You are surrounded by a mild repulsion
                  | field. (EV +2) [demonic ancestry]
   146 | D:1      | Reached XP level 2. HP: 21/21 MP: 2/2
   503 | D:1      | Gained mutation: You are frail. (-10% HP) [potion of
                  | mutation]
   503 | D:1      | Gained mutation: Your muscles are strong. (Str +2) [potion
                  | of mutation]
   503 | D:1      | Gained mutation: You are resistant to electric shocks.
                  | (rElec) [potion of mutation]
   503 | D:1      | Lost mutation: You are frail. (-10% HP) [potion of
                  | mutation]
   906 | D:2      | Reached XP level 3. HP: 24/26 MP: 3/3
  1049 | D:2      | Found a blossoming altar of Fedhas.
  1191 | D:2      | Found a snail-covered altar of Cheibriados.
  1198 | D:2      | Found a sparkling altar of Nemelex Xobeh.
  1205 | D:2      | Found an iron altar of Okawaru.
  1215 | D:2      | Found a shimmering altar of Xom.
  1220 | D:2      | Found a bloodstained altar of Trog.
  1227 | D:2      | Found a white marble altar of Elyvilon.
  1232 | D:2      | Found a hide-covered altar of Uskayaw.
  1246 | D:2      | Became a worshipper of Trog the Wrathful
  1456 | D:3      | Found a glowing drain.
  1484 | Sewer    | Entered a sewer
  1564 | Sewer    | Noticed Purgy
  1743 | Sewer    | Reached XP level 4. HP: 26/32 MP: 4/4
  1837 | Sewer    | Killed Purgy
  1837 | Sewer    | Reached skill level 2 in Fighting
  1837 | Sewer    | Reached skill level 1 in Armour
  1837 | Sewer    | Reached XP level 5. HP: 5/38 MP: 5/5
  1837 | Sewer    | Identified a scroll of acquirement
  1859 | Sewer    | Identified the amulet "Kereleac" {Spirit rElec rN++ MR+}
                  | (You acquired it in a sewer)
  2201 | D:3      | Noticed Terence
  2212 | D:3      | Killed Terence
  2253 | D:3      | Found a radiant altar of Vehumet.
  2520 | D:3      | Reached * piety under Trog
  2702 | D:4      | Reached skill level 1 in Axes
  2712 | D:4      | Reached XP level 6. HP: 46/46 MP: 6/6
  2818 | D:4      | Reached skill level 3 in Fighting
  2895 | D:4      | Noticed a sky beast
  2916 | D:4      | Killed a sky beast
  2916 | D:4      | Gained mutation: You have sharp toenails. [demonic
                  | ancestry]
  2916 | D:4      | Reached XP level 7. HP: 41/52 MP: 7/7
  3288 | D:4      | Found a shimmering blue altar of Sif Muna.
  3455 | D:5      | Entered Level 5 of the Dungeon
  3458 | D:5      | Reached ** piety under Trog
  3458 | D:5      | Reached skill level 4 in Fighting
  3533 | D:5      | Noticed Pikel
  3545 | D:5      | Killed Pikel
  3545 | D:5      | Reached skill level 5 in Fighting
  3545 | D:5      | Reached skill level 5 in Axes
  3545 | D:5      | Reached skill level 5 in Dodging
  3545 | D:5      | Gained mutation: You have razor-sharp toenails. [demonic
                  | ancestry]
  3545 | D:5      | Reached XP level 8. HP: 62/62 MP: 8/8
  3633 | D:5      | Found a runed translucent gate.
  3633 | D:5      | Found a runed translucent gate.
  3633 | D:5      | Found a runed translucent gate.
  3677 | D:5      | Noticed Mrkan's ghost (novice MiFi)
  3886 | D:5      | Got a bloodstained leather armour
  4132 | D:5      | Killed Mrkan's ghost
  4132 | D:5      | Reached skill level 6 in Fighting
  4179 | D:5      | Identified the +0 leather armour of Jimihan {rC+ Int+2}
                  | (You found it on level 5 of the Dungeon)
  4292 | D:6      | Gained mutation: A weak demonic guardian rushes to your
                  | aid. [demonic ancestry]
  4292 | D:6      | Reached XP level 9. HP: 68/69 MP: 9/9
  4486 | D:6      | Found a sand-covered staircase.
  4495 | Ossuary  | Entered an ossuary
  4508 | Ossuary  | Reached *** piety under Trog
  4725 | D:6      | Found Ikogaph's Assorted Antiques.
  4744 | D:6      | Bought a scroll of identify for 44 gold pieces
  4744 | D:6      | Bought a glowing silvery potion for 19 gold pieces
  4947 | D:6      | Noticed Blork the orc
  4947 | D:6      | Noticed a troll
  4966 | D:6      | Killed a troll
  4966 | D:6      | Reached skill level 7 in Fighting
  4972 | D:6      | Killed Blork the orc
  5094 | D:7      | Reached skill level 8 in Fighting
  5146 | D:7      | Reached **** piety under Trog
  5157 | D:7      | Found a staircase to the Ecumenical Temple.
  5337 | D:7      | Found a staircase to the Lair.
  5790 | D:7      | Reached skill level 5 in Maces & Flails
  5811 | D:7      | Gained mutation: You are slightly more attuned to the
                  | shadows. [demonic ancestry]
  5811 | D:7      | Reached XP level 10. HP: 80/82 MP: 8/10
  6081 | D:8      | Found Kitivux's Weapon Boutique.
  6087 | D:8      | Bought a +0 great mace for 84 gold pieces
  6171 | D:8      | Reached skill level 9 in Fighting
  6188 | D:8      | Noticed a manticore
  6194 | D:8      | Noticed a green ugly thing
  6194 | D:8      | Noticed a brown ugly thing
  6204 | D:8      | Killed a manticore
  6204 | D:8      | HP: 4/124 [cyan ugly thing (5)]
  6208 | D:8      | Shot with an arrow by a centaur

Skill      XL: |  1  2  3  4  5  6  7  8  9 10 |
---------------+-------------------------------+-----
Dodging        | 3 4 5 6 |  6.6
Maces & Flails | 1 2 3 5 |  5.9
Fighting       | 2 3 5 6 8 9 |  9.1
Armour         | 1 2 3 4 |  4.1
Axes           | 1 3 5 7 |  7.7
Stealth        | |  3.0

Action                   |  1- 3 |  4- 6 |  7- 9 | 10-12 || total
-------------------------+-------+-------+-------+-------++-------
Melee: Whip              |     6 |       |       |       ||     6
       Mace              |   146 |    26 |       |       ||   172
       War axe           |       |   149 |   335 |       ||   484
       Morningstar       |       |       |   140 |     9 ||   149
       Great mace        |       |       |       |    19 ||    19
Invok: Berserk           |       |       |     6 |     1 ||     7
       Trog's Hand       |       |       |     5 |     1 ||     6
  Use: Potion            |     9 |     4 |       |       ||    13
       Scroll            |     5 |     8 |     6 |     2 ||    21
 Stab: Sleeping          |     1 |     2 |     7 |       ||    10
       Distracted        |       |       |     3 |       ||     3
  Eat: Chunk             |     3 |     4 |    14 |     2 ||    23
       Ration            |       |       |     1 |       ||     1
Armor: Robe              |    15 |       |       |       ||    15
       Chain mail        |   108 |    60 |       |       ||   168
       Troll leather arm |       |    65 |   120 |     8 ||   193
Dodge: Dodged            |   153 |   199 |   422 |    35 ||   809
